 Dungeon Crawl Stone Soup version 0.16.1-7-g2c6721e (webtiles) character file.

53 Nefaurd the Digger (level 3, 0/19 HPs)
             Began as a Gargoyle Earth Elementalist on Mar 28, 2015.
             Slain by a quokka (2 damage)
             ... on level 2 of the Dungeon on Mar 30, 2015.
             The game lasted 00:12:44 (2147 turns).

Nefaurd the Digger (Gargoyle Earth Elementalist)    Turns: 2147, Time: 00:12:44

Health: 0/19       AC:  6    Str: 11    XL:     3   Next: 89%
Magic:  1/6        EV: 12    Int: 16    God:
Gold:   76         SH:  0    Dex: 10    Spells: 2 memorised, 4 levels left

rFire  + . .     SeeInvis .     (no weapon)
rCold  . . .     Clarity  .     c - +0 robe
rNeg   + . .     SustAb   .     (no shield)
rPois  ∞         Gourm    .     r - +0 helmet
rElec  +         Spirit   .     (no cloak)
rCorr  .         Warding  .     (no gloves)
rMut   .         Stasis   .     (no boots)
MR     .....                    (no amulet)
Stlth  +++.......               q - ring of stealth
                                i - ring of protection from fire

@: not resistant to hostile enchantments, fairly stealthy
A: negative energy resistance 1, electricity resistance, unbreathing,
petrification resistance, rot immunity, AC +3
a: no special abilities


You were on level 2 of the Dungeon.
You were not hungry.

You visited 1 branch of the dungeon, and saw 2 of its levels.

You collected 76 gold pieces.

Inventory:

Armour
 c - a +0 robe (worn)
 r - a +0 helmet (worn)
Jewellery
 i - a ring of protection from fire (left hand)
 q - a ring of stealth (right hand)
Scrolls
 p - a scroll of recharging
Potions
 g - a potion of cancellation {unknown}
 j - a potion of decay {unknown}
 l - a potion of heal wounds {unknown}
 m - a potion of brilliance {unknown}
 n - a potion of curing {unknown}
 o - 2 potions of might {unknown}
 s - a potion of magic {unknown}
Books
 d - a book of Geomancy

   Spells                             Type                      Level
   a - Sandblast                      Earth                        1
   b - Stoneskin                      Transmutation/Earth          2
   c - Passwall                       Transmutation/Earth          3
   d - Stone Arrow                    Conjuration/Earth            3
   e - Petrify                        Transmutation/Earth          4
   f - Lee's Rapid Deconstruction     Earth                        5
Comestibles
 a - a bread ration
 b - a beef jerky
 f - a royal jelly


   Skills:
 * Level 2.2 Dodging
 - Level 2.1 Stealth
 * Level 2.9 Spellcasting
 + Level 0.7 Transmutations
 + Level 4.2 Earth Magic


You had 4 spell levels left.
You knew the following spells:

 Your Spells              Type           Power        Failure   Level  Hunger
a - Sandblast             Erth           ###...       4%          1    #......
b - Stoneskin             Trmt/Erth      ##......     12%         2    ##.....


Dungeon Overview and Level Annotations

Branches:
Dungeon (2/15)

Altars:


Innate Abilities, Weirdness & Mutations

You are resistant to torment.
You are immune to poison.
Your stone body is very resilient (AC +3).
You resist negative energy.
You are resistant to electric shocks.
You can survive without breathing.
You are immune to petrification.
You are immune to rotting.


Message History

As you read the scroll labeled YGOC TUCLAY, it crumbles to dust.
It is a scroll of identify.
Identify which item? (\ to view known items) (? for menu, Esc to quit)
p - a scroll of recharging The quokka barely misses you.
Read which item? (? for menu, Esc to quit)
As you read the scroll labeled FRAZIVV UZOL, it crumbles to dust.
Forget which spell ([?*] list [ESC] exit)?
Forget which spell ([?*] list [ESC] exit)?
Okay, then.
It was a scroll of amnesia.
The quokka closely misses you.
Read which item? (? for menu, Esc to quit)
As you read the scroll labeled ROCLIRIOLE, it crumbles to dust.
The creatures around you are filled with an inner flame!
It was a scroll of immolation.
The quokka barely misses you.
You hit the quokka but do no damage.
The quokka is heavily wounded.
The quokka twitches its whiskers.
The quokka bites you.
You die...

#.........P$$$
#.....####P$$$
#....#...#P$$
##.....#.#
#.....#.# #
#.....#.# #
#.....#r# #
###'#.#.# #
#.#.#@# # #.#.#r#
# #.#.#.# #
#.#.#.#
############.#.#.#
......w..........#
############.#.###
# #.#.# # #.#.##


You could see a quokka (inner flame) and a rat (inner flame).

Vanquished Creatures
  An adder (D:2)
  2 worms (D:2)
  A ball python (D:2)
  7 bats
  A giant cockroach (D:1)
  5 goblins
  4 hobgoblins (D:1)
  A giant newt (D:1)
  4 kobolds
  A quokka (D:2)
  10 rats
37 creatures vanquished.

Notes
Turn   | Place    | Note
--------------------------------------------------------------
     0 | D:1      | Nefaurd, the Gargoyle Earth Elementalist, began the quest for the Orb.
     0 | D:1      | Reached XP level 1. HP: 10/10 MP: 3/3
     0 | D:1      | Upgraded the game from 0.16.1-5-gaa23807 to 0.16.1-7-g2c6721e
   303 | D:1      | Reached XP level 2. HP: 15/15 MP: 1/4
   545 | D:1      | Reached skill level 4 in Earth Magic
  1261 | D:1      | Reached XP level 3. HP: 19/19 MP: 2/6
  1511 | D:2      | Learned a level 2 spell: Stoneskin
  2147 | D:2      | Slain by a quokka

Action                   || total
-------------------------++-------
Melee: Unarmed           ||     8
 Cast: Sandblast         ||    91
       Stoneskin         ||     2
  Use: Scroll            ||     3
 Stab: Sleeping          ||     1
  Eat: Meat ration       ||     1
